 Seeded DCSS version 0.30-a0-760-g5a9884bb7c (webtiles) character file.

Game seed: 5430720872467839093 (custom seed)

7 purpskrrrp the Grasshopper (level 1, 0/12 HPs)
             Began as a Deep Elf Warper on Feb 11, 2023.
             Slain by a kobold
             ... wielding a +0 whip
              (3 damage)
             ... on level 1 of the Dungeon.
             The game lasted 00:00:15 (93 turns).

purpskrrrp the Grasshopper (Deep Elf Warper)          Turns: 93, Time: 00:00:16

Health: 0/12       AC:  3    Str:  8    XL:     1   Next: 83%
Magic:  6/6        EV: 12    Int: 17    God:
Gold:   9          SH:  0    Dex: 14    Spells: 6/6 levels left

rFire   . . .      SeeInvis .    a - +0 hand axe
rCold   . . .      Faith    .    (no shield)
rNeg    . . .      Spirit   .    b - +0 leather armour
rPois   .          Reflect  .    (no helmet)
rElec   .          Harm     .    (no cloak)
rCorr   .          Rampage  .    (no gloves)
Will    .....                    (no boots)
Stlth   +                        (no amulet)
HPRegen 0.22/turn                (no ring)
MPRegen 0.10/turn                (no ring)

@: no status effects
A: no striking features
a: no special abilities


You were on level 1 of the Dungeon.
You visited 1 branch of the dungeon, and saw 1 of its levels.

You collected 9 gold pieces.

Inventory:

Hand Weapons
 a - a +0 hand axe (weapon)
Missiles
 d - 3 boomerangs of dispersal
Armour
 b - a +0 leather armour (worn)
Scrolls
 c - a scroll of blinking
Potions
 e - a potion of mutation {unknown}


   Skills:
 + Level 1.6 Fighting
 + Level 1.6 Axes
 + Level 1.1 Throwing
 + Level 0.9 Armour
 + Level 2.5 Dodging
 + Level 3.1 Spellcasting
 + Level 3.3 Translocations


You had 6 spell levels left.
You didn't know any spells.
Your spell library contained the following spells:

 Spells                   Type           Power      Damage    Failure   Level
 Blink                    Tloc           28%        N/A       9%          2
 Lesser Beckoning         Tloc           28%        N/A       9%          2
 Teleport Other           Tloc           14%        N/A       19%         3
 Vhi's Electric Charge    Tloc/Air       16%        N/A       36%         3
 Manifold Assault         Tloc           14%        N/A       52%         4


Dungeon Overview and Level Annotations

Branches:
Dungeon (1/15)

Altars:


Message History

You are too injured to fight recklessly!
You are too injured to fight recklessly!
The jackal attacks as you move away!
The jackal bites you but does no damage.
The jackal bites you.
You barely miss the jackal. The jackal misses you.
You barely miss the jackal.
The jackal bites you but does no damage.
The jackal closely misses you.
You closely miss the jackal.
The jackal bites you but does no damage. x2
You miss the jackal. The jackal bites you.
You hit the jackal.
The jackal is moderately wounded.
The jackal closely misses you. The jackal bites you.
You hit the jackal.
The jackal is heavily wounded.
The jackal barely misses you. x2
You hit the jackal.
You kill the jackal!
The jackal bites you.
* * * LOW HITPOINT WARNING * * *
You hit the jackal.
The jackal is severely wounded.
The jackal barely misses you. The jackal closely misses you.
You barely miss the jackal.
The jackal is severely wounded.
The jackal closely misses you. The jackal barely misses you.
You hit the jackal but do no damage.
The jackal is severely wounded.
The jackal misses you. The jackal bites you.
* * * LOW HITPOINT WARNING * * *
You closely miss the jackal.
The jackal is severely wounded.
The jackal bites you.
* * * LOW HITPOINT WARNING * * *
You hit the jackal.
You kill the jackal!
You hit the kobold but do no damage. The kobold hits you with a +0 whip.
You die...

........# .# #.....#
...##.....# .........###
# # ..#.......# ..#.
#.......# .....
#.......########
......####.#####........#
......†K@..# ########.#
.......##### #.# ...#...
#.# . ..... #.# .......
#.# #....#. #.# ######.
#)# #. #.# #.#


You could see a kobold.

Vanquished Creatures
  4 jackals (D:1)
  A kobold (D:1)
5 creatures vanquished.

Notes
Turn   | Place    | Note
-------+----------+-------------------------------------------
     0 | D:1      | purpskrrrp the Deep Elf Warper began the quest for the Orb.
     0 | D:1      | Reached XP level 1. HP: 12/12 MP: 6/6
    93 | D:1      | Slain by a kobold

Illustrated notes

Levels and vault maps discovered:
D:1:      dpeg_arrival_boxes_within_box, layout_basic

Action                     || total
---------------------------++-------
  Melee: Hand axe          ||    29
  Throw: Boomerang         ||     4
 Armour: Leather armour    ||    15
  Dodge: Dodged            ||    33

Table legend: (Time is in decaauts)
 A = Elapsed time spent in this place.
 B = Non-inter-level travel time spent in this place.
 C = Inter-level travel time spent in this place.
 D = Time resting spent in this place.
 E = Time spent auto-exploring this place.
 F = Levels seen in this place.
 G = Mean time per level.
                   A        B        C        D        E       F      G
               +--------+--------+--------+--------+--------+-----+--------+
         Total |    100 |    100 |      0 |      0 |     55 |   1 |  100.0 |
       Dungeon |    100 |    100 |      0 |      0 |     55 |   1 |  100.0 |
               +--------+--------+--------+--------+--------+-----+--------+

Top non-repeatable levels by time:
     D:1: 100 daAuts
